 Dungeon Crawl Stone Soup version 0.22.2-1-ge965b3aba3 (webtiles) character file.

34795 Freitmort the Eclecticist (level 13, -2/68 HPs)
             Began as a Deep Elf Conjurer on July 2, 2019.
             Was an Elder of Vehumet.
             Killed from afar by a rime drake (17 damage)
             ... with a flash freeze
             ... on level 6 of the Lair of Beasts on July 16, 2019.
             The game lasted 02:55:15 (24277 turns).

Freitmort the Eclecticist (Deep Elf Conjurer)      Turns: 24277, Time: 02:55:15

Health: -2/68      AC:  6    Str:  7    XL:     13   Next: 44%
Magic:  34/34      EV: 19    Int: 28    God:    Vehumet [****..]
Gold:   1116       SH:  0    Dex: 20    Spells: 6/42 levels left

rFire    . . .     SeeInvis .   G - +7 blowgun
rCold    . . .     Gourm    +   (no shield)
rNeg     . . .     Faith    .   a - +0 robe
rPois    .         Spirit   .   (no helmet)
rElec    .         Reflect  .   y - scarf {repulsion}
rCorr    .         Harm     .   q - +0 pair of gloves
MR       +....                  o - +2 pair of boots
Stlth    ++++......             O - amulet of the gourmand
HPRegen  0.21/turn              b - +5 ring of dexterity
MPRegen  0.24/turn              Q - +4 ring of intelligence

@: lethally poisoned (-2 -> -13), repel missiles
A: no striking features
a: Renounce Religion


You were on level 6 of the Lair of Beasts.
You worshipped Vehumet.
Vehumet was greatly pleased with you.
You were completely stuffed.

You visited 3 branches of the dungeon, and saw 18 of its levels.
You also visited: Bailey.

You collected 1116 gold pieces.

Inventory:

Hand Weapons
 G - a +7 blowgun (weapon)
Missiles
 s - 7 poisoned needles (quivered)
 E - 3 needles of sleeping
 H - 9 curare-tipped needles
Armour
 a - a +0 robe (worn)
 o - a +2 pair of boots (worn)
 q - a +0 pair of gloves (worn)
 y - a scarf of repulsion (worn)
Magical Staves
 c - an uncursed staff of death
 f - an uncursed staff of poison
 x - an uncursed staff of cold
Jewellery
 b - a +5 ring of dexterity (left hand)
 p - a +2 amulet of reflection
 v - an uncursed ring of fire
 N - a +1 ring of evasion
 O - an amulet of the gourmand (around neck)
 Q - a +4 ring of intelligence (right hand)
Wands
 d - a wand of acid (19)
 n - a wand of paralysis (14)
 t - a wand of disintegration (27)
 w - a wand of clouds (3)
 B - a wand of digging (11)
 C - a wand of flame (37)
Scrolls
 h - 2 scrolls of amnesia
 m - 3 scrolls of enchant weapon
 u - 7 scrolls of remove curse
 F - 3 scrolls of enchant armour {unknown}
 I - 2 scrolls of magic mapping
 P - a scroll of silence {unknown}
 R - 2 scrolls of teleportation {unknown}
Potions
 e - 2 potions of might
 g - 4 potions of curing
 i - 5 potions of lignification
 j - 4 potions of mutation
 k - 4 potions of degeneration {unknown}
 r - a potion of brilliance
 z - a potion of haste
 A - 2 potions of heal wounds
 D - 2 potions of agility
 K - 3 potions of ambrosia
 L - a potion of flight
 M - a potion of berserk rage {unknown}
Comestibles
 l - 11 rations


   Skills:
 + Level 2.8 Fighting
 * Level 2.0 Throwing
 + Level 8.1 Dodging
 + Level 6.0 Stealth
 + Level 15.0 Spellcasting
 + Level 12.4 Conjurations
 + Level 8.5 Charms
 * Level 8.6 Fire Magic
 - Level 5.1 Ice Magic
 - Level 5.1 Earth Magic
 - Level 7.3 Poison Magic
 + Level 5.0 Evocations


You had 6 spell levels left.
You knew the following spells:

 Your Spells              Type           Power        Failure   Level  Hunger
a - Magic Dart            Conj           ####         0%          1    None
b - Searing Ray           Conj           ######       0%          2    None
c - Iskenderun's Mystic   Conj           ######..     1%          4    None
d - Sting                 Conj/Pois      ####         1%          1    None
e - Throw Icicle          Conj/Ice       ######..     1%          4    None
f - Iskenderun's Battles  Conj/Chrm      ######..     1%          5    None
g - Venom Bolt            Conj/Pois      ######....   1%          5    None
h - Bolt of Magma         Conj/Fire/Erth ######....   1%          5    None
i - Iron Shot             Conj/Erth      ######....   2%          6    ####...
j - Conjure Flame         Conj/Fire      ######..     1%          3    None

Your spell library contained the following spells:

 Spells                   Type           Power        Failure   Level  Hunger
 Conjure Ball Lightning   Conj/Air       ######....   8%          6    ####...
 Freeze                   Ice            ####         1%          1    None
 Sandblast                Erth           ######       1%          1    None
 Passwall                 Tmut/Erth      #####...     1%          2    None
 Poisonous Vapours        Pois/Air       #####.       1%          2    None
 Throw Frost              Conj/Ice       ######       1%          2    None
 Dazzling Spray           Conj/Hex       ######       1%          3    None
 Mephitic Cloud           Conj/Pois/Air  ######..     1%          3    None
 Ozocubu's Armour         Chrm/Ice       ######..     1%          3    None
 Static Discharge         Conj/Air       ######..     1%          3    None
 Stone Arrow              Conj/Erth      ######       1%          3    None
 Force Lance              Conj/Tloc      ######..     1%          4    None
 Fulminant Prism          Conj/Hex       ######....   1%          4    None
 Olgreb's Toxic Radiance  Pois           ######..     1%          4    None
 Bolt of Draining         Conj/Necr      ######....   1%          5    None
 Lightning Bolt           Conj/Air       ######....   1%          5    None
 Animate Skeleton         Necr           N/A          2%          1    None
 Apportation              Tloc           ###...       2%          1    None
 Confusing Touch          Hex            ###...       2%          1    None
 Summon Small Mammal      Summ           ###.         2%          1    None
 Lee's Rapid Deconstruct  Erth           ######....   2%          5    None
 Corpse Rot               Necr           N/A          3%          2    None
 Sublimation of Blood     Necr           ###.......   3%          2    None
 Confuse                  Hex            ###.....     7%          3    None
 Gell's Gravitas          Tloc           ###.......   7%          3    None
 Petrify                  Tmut/Erth      #####...     9%          4    None
 Summon Ice Beast         Ice/Summ       #####...     9%          4    None
 Excruciating Wounds      Chrm/Necr      #####.....   12%         5    None
 Yara's Violent Unravell  Hex/Tmut       ###.......   17%         5    None
 Metabolic Englaciation   Hex/Ice        #####.....   24%         5    None
 Agony                    Necr           ###.....     54%         5    None
 Dispel Undead            Necr           ###.....     54%         5    None
 Orb of Destruction       Conj           ######....   3%          7    #####..
 Spellforged Servitor     Conj/Summ      ######....   36%         7    #####..
 Ignition                 Fire           ######....   71%         8    #######
 Shatter                  Erth           ######....   100%        9    #######
 Tornado                  Air            ###.......   100%        9    #######


Dungeon Overview and Level Annotations

Branches:
Dungeon (11/15)            Temple (1/1) D:5            Lair (6/6) D:9
  Swamp (0/4) Lair:3       Spider (0/4) Lair:4
  Slime: Lair:5-6       Orc: D:9-12

Altars:
Ashenzari
Cheibriados
Dithmenos
Elyvilon
Fedhas
Gozag
Hepliaklqana
Kikubaaqudgha
Makhleb
Nemelex Xobeh
Okawaru
Qazlal
Ru
Sif Muna
Trog
Uskayaw
Vehumet
Wu Jian
Xom
Yredelemnul
Zin
The Shining One

Shops:
D:4 :

Annotations:
D:3 2 transporters, Tali's ghost, amateur DsBe
D:6 3 runed doors, kerekes's ghost, novice GnFi
D:8 exclusion: door
Lair:6 Kirke


Message History

This raw flesh tastes great.
Magic restored.
You start resting.
HP restored.
There is a stone staircase leading down, spattered with blood here.
You climb downwards.
Level annotation: Kirke A yak comes into view.
The spiny frog misses you. The komodo dragon bites you!
The spiny frog stings you!!
You are poisoned.
The spiny frog poisons you!
The komodo dragon bites you but does no damage.
There is a stone staircase leading up, spattered with blood here.
You feel sick. The spiny frog stings you!
* * * LOW HITPOINT WARNING * * *
The water moccasin misses you. The komodo dragon misses you.
The rime drake breathes ice at you. The flash freeze hits you!
You die...

#P.....P...
##......... #
......... #.
....Y.Y .#..
...YY .....#..P
.#.....S###k#..
.......@.......
.....#lF.......
... ##........
# .....#...
...../..#
.....#...#
#...####..
#.... #. .# ##
#.# .


You could see a komodo dragon, 4 yaks, a spiny frog, a rime drake and a water
moccasin.

Vanquished Creatures
  8 hydras
  Erica (D:11)
  A two-headed ogre (D:9)
  Sonja (D:10)
  Urug (Lair:5)
  A swamp dragon (Lair:3)
  2 oklob plants (Lair:1)
  A manticore (D:11)
  4 elephants (Lair:5)
  Maurice (D:10)
  3 torpor snails
  8 spiny frogs
  2 rime drakes
  5 komodo dragons
  A troll (D:10)
  A queen bee (Lair:1)
  4 tyrant leeches (Lair:3)
  3 blink frogs
  2 polar bears
  4 dream sheep
  6 hippogriffs
  A wyvern (D:6)
  29 yaks
  2 hogs (Lair:5)
  Grum (D:9)
  A basilisk (Lair:1)
  2 hungry ghosts
  4 swamp worms (Lair:3)
  14 water moccasins
  9 porcupines
  4 sky beasts
  2 black bears
  6 ogres
  2 orc warriors
  An ice beast (D:11)
  2 phantoms
  6 wolves
  3 centaurs
  7 crocodiles
  8 bullfrogs
  4 scorpions
  35 killer bees
  2 howler monkeys
  2 electric eels (Lair:1)
  A centaur zombie (D:6)
  3 crimson imps
  A quasit (D:8)
  A bullfrog skeleton (D:8)
  3 bullfrog zombies
  3 hounds (D:7)
  2 jellies
  2 orc priests
  A centaur skeleton (D:8)
  4 iguanas
  6 hell rats (Lair:2)
  8 orc wizards
  7 worker ants
  A hound zombie (D:10)
  2 hound skeletons
  A mummy (D:5)
  2 worker ant zombies
  Robin (D:2)
  6 adders
  A shadow imp (D:8)
  An adder zombie (D:8)
  An ooze (D:1)
  An adder skeleton (D:10)
  3 worms
  4 dart slugs
  4 leopard geckos
  27 orcs
  6 bats
  4 giant cockroaches
  14 hobgoblins
  3 jackals
  5 quokkas
  4 ball pythons
  8 frilled lizards
  17 goblins
  2 hobgoblin zombies (D:5)
  8 kobolds
  A kobold zombie (D:5)
  A leopard gecko skeleton (D:7)
  An orc zombie (D:5)
  A quokka skeleton (D:5)
  A quokka zombie (D:9)
  12 rats
  3 plants (Lair:1)
395 creatures vanquished.

Vanquished Creatures (others)
  6 fungi
  12 plants
18 creatures vanquished.

Grand Total: 413 creatures vanquished

Notes
Turn   | Place    | Note
-------+----------+-------------------------------------------
     0 | D:1      | Freitmort the Deep Elf Conjurer began the quest for the
                  | Orb.
     0 | D:1      | Reached XP level 1. HP: 10/10 MP: 6/6
   527 | D:1      | Reached XP level 2. HP: 8/15 MP: 2/8
   664 | D:1      | Learned a level 2 spell: Searing Ray
   995 | D:1      | Reached skill level 5 in Conjurations
  1066 | D:1      | Reached XP level 3. HP: 19/19 MP: 5/10
  1647 | D:2      | Noticed Robin
  1653 | D:2      | Killed Robin
  1653 | D:2      | Reached skill level 4 in Spellcasting
  1857 | D:2      | Reached XP level 4. HP: 24/24 MP: 10/12
  2106 | D:2      | Found a snail-covered altar of Cheibriados.
  2829 | D:3      | Learned a level 4 spell: Iskenderun's Mystic Blast
  2843 | D:3      | Found a transporter.
  2856 | D:3      | Found a transporter.
  2856 | D:3      | Noticed Tali's ghost (amateur DsBe)
  3484 | D:3      | Noticed a hippogriff
  3500 | D:3      | Killed a hippogriff
  3500 | D:3      | Reached skill level 5 in Spellcasting
  3500 | D:3      | Reached XP level 5. HP: 8/28 MP: 3/15
  3500 | D:3      | Reached XP level 6. HP: 10/32 MP: 3/16
  4183 | D:4      | Noticed a sky beast
  4401 | D:4      | Killed a sky beast
  4401 | D:4      | Reached skill level 6 in Spellcasting
  4566 | D:4      | Reached skill level 1 in Evocations
  4653 | D:4      | Found a shimmering altar of Xom.
  4900 | D:4      | Found Idwa's Book Shoppe.
  5169 | D:5      | Entered Level 5 of the Dungeon
  5211 | D:5      | Reached XP level 7. HP: 31/37 MP: 10/18
  5539 | D:5      | Reached skill level 7 in Spellcasting
  5963 | D:5      | Found a staircase to the Ecumenical Temple.
  5972 | Temple   | Entered the Ecumenical Temple
  6080 | Temple   | Became a worshipper of Vehumet
  6748 | D:5      | Reached XP level 8. HP: 7/42 MP: 9/21
  7152 | D:5      | Reached skill level 8 in Spellcasting
  7692 | D:6      | Found a blossoming altar of Fedhas.
  7989 | D:6      | Reached skill level 9 in Spellcasting
  8137 | D:6      | Found a runed gate.
  8137 | D:6      | Found a runed gate.
  8138 | D:6      | Found a runed gate.
  8142 | D:6      | Noticed kerekes's ghost (novice GnFi)
  8439 | D:6      | Reached skill level 5 in Evocations
  8826 | D:7      | Reached XP level 9. HP: 31/46 MP: 4/24
  9118 | D:7      | Reached skill level 1 in Fighting
  9147 | D:7      | Reached * piety under Vehumet
  9147 | D:7      | Offered knowledge of Sting by Vehumet.
  9147 | D:7      | Reached skill level 10 in Spellcasting
  9150 | D:7      | Learned a level 1 spell: Sting
  9270 | D:7      | Found a flagged portal.
  9314 | Bailey   | Entered a bailey
  9314 | Bailey   | Noticed an orc knight
  9454 | D:7      | Found a shattered altar of Ashenzari.
  9513 | D:7      | Reached skill level 5 in Stealth
  9648 | D:7      | Found a shimmering altar of Xom.
  9648 | D:7      | Found a burning altar of Makhleb.
 10075 | D:8      | Reached skill level 5 in Dodging
 10231 | D:8      | Noticed a two-headed ogre
 10763 | D:8      | Found a deep blue altar of Sif Muna.
 11444 | D:9      | Reached skill level 1 in Poison Magic
 11700 | D:9      | Noticed Grum
 11754 | D:9      | Killed Grum
 11800 | D:9      | Reached skill level 11 in Spellcasting
 12135 | D:9      | Reached ** piety under Vehumet
 12242 | D:9      | Offered knowledge of Freeze by Vehumet.
 12249 | D:9      | Learned a level 1 spell: Freeze
 12308 | D:9      | Found a hazy altar of Hepliaklqana.
 12367 | D:9      | Noticed a two-headed ogre
 12470 | D:10     | Entered Level 10 of the Dungeon
 12694 | D:10     | Reached skill level 1 in Ice Magic
 12694 | D:10     | Reached XP level 10. HP: 52/52 MP: 14/27
 13020 | D:10     | Learned a level 5 spell: Iskenderun's Battlesphere
 13026 | D:10     | Learned a level 5 spell: Venom Bolt
 13032 | D:10     | Learned a level 5 spell: Bolt of Magma
 13039 | D:10     | Learned a level 6 spell: Iron Shot
 13047 | D:10     | Noticed Sonja
 13050 | D:10     | Killed Sonja
 13050 | D:10     | Reached skill level 1 in Charms
 13050 | D:10     | Reached skill level 1 in Fire Magic
 13050 | D:10     | Reached skill level 1 in Earth Magic
 13470 | D:10     | Reached skill level 5 in Poison Magic
 13941 | D:10     | Noticed Maurice
 13948 | D:10     | Killed Maurice
 14117 | D:11     | Noticed Erica
 14146 | D:11     | Killed Erica
 14580 | D:11     | Noticed a manticore
 14591 | D:11     | Killed a manticore
 14601 | D:11     | Got a steaming scale mail
 14736 | D:11     | Offered knowledge of Ignite Poison by Vehumet.
 14821 | D:11     | Reached XP level 11. HP: 55/56 MP: 22/28
 15418 | D:9      | Killed a two-headed ogre
 15432 | D:9      | Found an ancient bone altar of Kikubaaqudgha.
 15432 | D:9      | Found a sacrificial altar of Ru.
 15438 | D:9      | Found a bloodstained altar of Trog.
 15440 | D:9      | Found a hide-covered altar of Uskayaw.
 15442 | D:9      | Found a sparkling altar of Nemelex Xobeh.
 15465 | D:9      | Found a staircase to the Lair.
 15475 | Lair:1   | Entered Level 1 of the Lair of Beasts
 15568 | Lair:1   | Noticed a seven-headed hydra
 15573 | Lair:1   | Killed a seven-headed hydra
 15573 | Lair:1   | Reached skill level 5 in Charms
 15764 | Lair:1   | HP: 1/56 [water moccasin (8)]
 16070 | Lair:1   | Noticed a five-headed hydra
 16077 | Lair:1   | Killed a five-headed hydra
 16077 | Lair:1   | Reached skill level 5 in Ice Magic
 16077 | Lair:1   | Reached skill level 5 in Earth Magic
 16180 | Lair:1   | Identified the +1 scale mail of Action {rElec rF+} (You
                  | found it on level 11 of the Dungeon)
 16185 | Lair:1   | Identified 4 scrolls of acquirement
 16203 | Lair:1   | Learned a level 4 spell: Throw Icicle
 16245 | Lair:1   | Reached *** piety under Vehumet
 16529 | Lair:1   | Noticed a six-headed hydra
 16533 | Lair:1   | Killed a six-headed hydra
 16622 | Lair:1   | Noticed an oklob plant
 16681 | Lair:2   | Noticed an eight-headed hydra
 16757 | Lair:2   | Reached skill level 10 in Conjurations
 16807 | Lair:2   | Killed an eight-headed hydra
 16807 | Lair:2   | Reached skill level 5 in Fire Magic
 17712 | Lair:2   | Offered knowledge of Inner Flame by Vehumet.
 17712 | Lair:2   | Reached XP level 12. HP: 64/64 MP: 16/29
 17895 | Lair:2   | Reached skill level 12 in Spellcasting
 18471 | Lair:1   | Reached **** piety under Vehumet
 19689 | Lair:3   | Offered knowledge of Conjure Flame by Vehumet.
 19767 | Lair:2   | Learned a level 3 spell: Conjure Flame
 20155 | Lair:3   | Reached skill level 13 in Spellcasting
 20215 | Lair:3   | Found a staircase to the Swamp.
 21277 | Lair:4   | Noticed a five-headed hydra
 21279 | Lair:4   | Killed a five-headed hydra
 21379 | Lair:4   | Reached skill level 14 in Spellcasting
 21449 | Lair:4   | Found a hole to the Spider Nest.
 21704 | Lair:4   | Reached XP level 13. HP: 52/68 MP: 6/33
 21916 | Lair:4   | Reached ***** piety under Vehumet
 21916 | Lair:4   | Offered knowledge of Conjure Ball Lightning by Vehumet.
 22412 | Lair:4   | Got a blackened leather armour
 22523 | Lair:1   | Identified the +1 leather armour of Redde {MP+9 Str+10
                  | Dex-4 Slay+3} (You found it on level 4 of the Lair of
                  | Beasts)
 22829 | Lair:5   | Reached skill level 1 in Throwing
 23061 | Lair:5   | Noticed Urug
 23083 | Lair:5   | Killed Urug
 23882 | Lair:6   | Entered Level 6 of the Lair of Beasts
 23882 | Lair:6   | Noticed Kirke
 23948 | Lair:5   | Reached skill level 15 in Spellcasting
 24277 | Lair:6   | Killed from afar by a rime drake

Skill      XL: |  1  2  3  4  5  6  7  8  9 10 11 12 13 |
---------------+----------------------------------------+-----
Conjurations   | 5 6 7 8 9 10 11 12 | 12.4
Spellcasting   | 4 5 6 7 9 11 14 15 | 15.0
Stealth        | 3 4 5 6 |  6.0
Dodging        | 3 4 5 6 7 8 |  8.1
Evocations     | 1 3 5 |  5.0
Fighting       | 1 2 |  2.8
Poison Magic   | 3 5 7 |  7.3
Ice Magic      | 1 3 5 |  5.1
Charms         | 4 6 8 |  8.5
Fire Magic     | 3 5 7 8 |  8.6
Earth Magic    | 3 5 |  5.1
Throwing       | 2 |  2.0

Action                   |  1- 3 |  4- 6 |  7- 9 | 10-12 | 13-15 || total
-------------------------+-------+-------+-------+-------+-------++-------
Melee: Staff             |       |       |       |     1 |       ||     1
 Fire: Blowgun           |       |       |       |       |     3 ||     3
 Cast: Magic Dart        |    78 |   131 |   125 |   273 |    31 ||   638
       Searing Ray       |     3 |     4 |    73 |     5 |       ||    85
       Iskenderun's Myst |       |       |    11 |     4 |       ||    15
       Sting             |       |       |    36 |     4 |       ||    40
       Iskenderun's Batt |       |       |       |    90 |    20 ||   110
       Venom Bolt        |       |       |       |    54 |    25 ||    79
       Bolt of Magma     |       |       |       |    39 |     4 ||    43
       Throw Icicle      |       |       |       |    33 |     7 ||    40
       Iron Shot         |       |       |       |     1 |     5 ||     6
       Conjure Flame     |       |       |       |     1 |       ||     1
Evoke: Wand              |       |       |     1 |       |       ||     1
  Use: Scroll            |     6 |     7 |     9 |    14 |     1 ||    37
       Potion            |       |       |       |     4 |       ||     4
  Eat: Chunk             |     3 |     8 |     2 |    20 |    20 ||    53
       Ration            |       |     1 |     6 |     8 |       ||    15
Armor: Robe              |     3 |       |    25 |    19 |     2 ||    49
Dodge: Dodged            |    17 |    10 |   107 |    94 |    14 ||   242
       Deflected         |       |       |     4 |     3 |     3 ||    10
Block: Other             |       |     2 |     9 |     6 |       ||    17
